[Event "*** Titled Tuesday Blitz"]
[Site "Chess.com"]
[Date "2021.03.09"]
[Round "1"]
[White "FlySooHigh"]
[Black "ShcufNaiRolf"]
[Result "1-0"]
[WhiteElo "2703"]
[BlackElo "2378"]
[TimeControl "180+1"]
[EndTime "10:06:45 PST"]
[Termination "FlySooHigh won by resignation"]

1. e4 e5 2. Nf3 Nc6 3. Bc4 Nf6 4. d3 Be7 5. O-O O-O 6. c3 d6 7. Bb3 Na5 8. Bc2 c5 9. Nbd2 Nc6 10. Nc4 Be6 11.
a4 Re8 12. Re1 a6 13. h3 b5 14. Ne3 d5 15. axb5 axb5 16. Rxa8 Qxa8 17. exd5 Nxd5 18. Nxd5 Bxd5 19. Bb3 Bxb3 20. Qxb3 Qa4 21. Qd5 b4 22. Nxe5 Nxe5 23. Qxe5 Kf8 24. Be3 bxc3 25. Bxc5 Bxc5 26. Qxc5+ Kg8 27. Rxe8+ Qxe8 28. bxc3 h6 29. Qe3 Qa4 30. d4 Qd1+ 31. Kh2 g5 32. g3 f5 33. Qe6+ Kg7 34.
Qxf5 Qd2 35. Qf3 h5 36. Qe3 Qe1 37. Qxg5+ Kf8 38. Qf4+ Ke7 39. Qe3+ 1-0

[Event "*** Titled Tuesday Blitz"]
[Site "Chess.com"]
[Date "2021.03.09"]
[Round "1"]
[White "A-Fier"]
[Black "Kotofeyca"]
[Result "1-0"]
[WhiteElo "2697"]
[BlackElo "2374"]
[TimeControl "180+1"]
[EndTime "10:06:47 PST"]
[Termination "A-Fier won by resignation"]

1. d4 d5 2. c4 c6 3. cxd5 cxd5 4. Nc3 Nf6 5. Bf4 Nc6 6. e3 a6 7. Be2 Bf5 8. g4 Bg6 9. h4 h6 10. Nh3 e6 11. Bg3 Ne4 12. Nxe4 Bxe4 13. f3 Bh7 14. Nf4 Bd6 15. Kf2 Rc8 16. Rc1 Qe7 17. g5 Bf5 18.
gxh6 Rxh6 19. Bd3 Bxd3 20. Qxd3 g6 21. Ne2 Kd7 22. Qb3 Kc7 23. Qa3 Bxg3+ 24. Kxg3 Qxa3 25. bxa3 Kd7 26. Nf4 Na5 27. Rxc8 Kxc8 28. Kg4 Nc4 29. Kg5 Rh7 30. e4 dxe4 31. fxe4 Kd7 32. d5 e5 33. Nd3 Ke7 34. Rc1 b5 35. Kg4 Kd6 36.
Nb4 a5 37. Nd3 Nxa3 38. Rc6+ Ke7 39. Nxe5 Nc4 40. Nd3 f5+ 41. exf5 gxf5+ 42. Kg5 Rg7+ 43. Kxf5 Rg3 44. Re6+ Kd7 45. Nc5+ Kc7 46. Rc6+ Kd8 47. d6 Rg1 48. d7 Rf1+ 49. Kg5 Rg1+ 50. Kh5 Ke7 51.
Rc8 Rd1 52. Re8+ Kf7 53. d8=Q 1-0

[Event "*** Titled Tuesday Blitz"]
[Site "Chess.com"]
[Date "2021.03.09"]
[Round "1"]
[White "FMalexhdez"]
[Black "AldokhinIvan"]
[Result "0-1"]
[WhiteElo "2170"]
[BlackElo "2520"]
[TimeControl "180+1"]
[EndTime "10:06:47 PST"]
[Termination "AldokhinIvan won on time"]

1. e4 c5 2. Nf3 e6 3. d4 cxd4 4.
Nxd4 a6 5. c4 Qc7 6. Nc3 Nf6 7. Be2 d6 8. O-O Be7 9. Nc2 O-O 10. b3 b6 11. Bb2 Bb7 12. f3 Nbd7 13. Ne3 d5 14. exd5 Bc5 15. Qd2 Qf4 16. Nd1 exd5 17.
g3 Qd6 18. Kg2 Rfe8 19. Nf5 Qe6 20. Bd3 dxc4 21. bxc4 Ne5 22. Qg5 g6 23. Nh6+ Kf8 24.
Bxe5 Qxe5 25. Qxe5 Rxe5 26. Nf2 Bxf2 27. Kxf2 Rh5 28.
Ng4 Nxg4+ 29. fxg4 Rxh2+ 30. Ke3 Re8+ 31. Kd4 Rd8+ 32.
Kc3 Rg2 0-1

[Event "*** Titled Tuesday Blitz"]
[Site "Chess.com"]
[Date "2021.03.09"]
[Round "1"]
[White "BillieKimbah"]
[Black "Alexandr_Kholin"]
[Result "1-0"]
[WhiteElo "2873"]
[BlackElo "2451"]
[TimeControl "180+1"]
[EndTime "10:06:48 PST"]
[Termination "BillieKimbah won by resignation"]

1. Nf3 g6 2. g3 Bg7 3. Bg2 e5 4.
O-O d5 5. d3 Nc6 6. e4 dxe4 7.
dxe4 Qxd1 8. Rxd1 Nge7 9. c3 h6 10. h3 Be6 11. Be3 Rd8 12. Nbd2 O-O 13. b4 b6 14. Nb3 f5 15. b5 Nb8 16. Re1 f4 17.
gxf4 exf4 18. Bd4 c5 19. bxc6 Nbxc6 20. Rad1 g5 21. Bxg7 Kxg7 22. Nfd4 Bc4 23. e5 Bxb3 24. axb3 Nxd4 25. cxd4 Nd5 26. Rc1 Rf7 27. Bf3 Nb4 28. Red1 Rfd7 29. d5 Nxd5 30. e6 Rd6 31. Rxd5 Rxd5 32.
e7 Re8 33. Bxd5 Rxe7 34. Kg2 Kf6 35. Kf3 Kf5 36. Rc8 Ke5 37. Bc4 Rd7 38. Rh8 Rd6 39. Kg4 Kd4 40. Kh5 Kc3 41. Rxh6 Rxh6+ 42. Kxh6 a5 43. Kxg5 1-0

[Event "*** Titled Tuesday Blitz"]
[Site "Chess.com"]
[Date "2021.03.09"]
[Round "1"]
[White "Aleksey_Sorokin"]
[Black "thechesscorner64"]
[Result "1-0"]
[WhiteElo "2775"]
[BlackElo "2413"]
[TimeControl "180+1"]
[EndTime "10:06:48 PST"]
[Termination "Aleksey_Sorokin won by checkmate"]

1. d4 Nf6 2. c4 e6 3. Nf3 Bb4+ 4. Nbd2 b6 5. a3 Bxd2+ 6. Qxd2 Bb7 7. e3 Ne4 8. Qc2 f5 9. Be2 O-O 10. O-O d6 11. b4 Nd7 12. d5 e5 13. Nd2 Nxd2 14.
Bxd2 a5 15. f3 Qh4 16. Bd3 g6 17. Rfb1 axb4 18. axb4 e4 19. Rxa8 Bxa8 20. Be2 Ne5 21. f4 Ng4 22. Bxg4 fxg4 23. Bc3 g3 24. hxg3 Qxg3 25.
Qd2 Bb7 26. Qd4 Kf7 27. Qf6+ Ke8 28. Qe6+ Kd8 29. Bf6+ Rxf6 30. Qxf6+ Ke8 31. Qe6+ Kd8 32. Qxe4 Bc8 33. Ra1 h5 34. Qf3 Qh4 35. e4 Qf6 36. e5 dxe5 37. fxe5 Qxe5 38. Qf8+ Kd7 39. Rf1 Qd4+ 40.
Rf2 Qa1+ 41. Kh2 Qe5+ 42. Qf4 Qe7 43. Qf7 h4 44. Qxe7+ Kxe7 45. c5 bxc5 46. bxc5 Bf5 47. Rf4 Kf6 48. Rxh4 Ke5 49. Rh7 Kxd5 50. Rxc7 Be4 51. g4 Bd3 52. Kg3 Bf1 53. Kf4 Bd3 54. Kg5 Bc2 55. Kf6 Be4 56. g5 Bc2 57. Re7 Kxc5 58.
Rc7+ Kd4 59. Rxc2 Ke4 60. Rh2 Kf4 61. Rh6 Kg4 62. Rxg6 Kh4 63. Rg7 Kh5 64. Rh7+ Kg4 65. g6 Kf4 66. g7 Kf3 67. g8=Q Kf2 68. Qg4 Kf1 69. Rh2 Ke1 70. Qg1# 1-0

[Event "*** Titled Tuesday Blitz"]
[Site "Chess.com"]
[Date "2021.03.09"]
[Round "1"]
[White "Kaiyrbekov"]
[Black "ehrenfeld"]
[Result "0-1"]
[WhiteElo "2091"]
[BlackElo "2505"]
[TimeControl "180+1"]
[EndTime "10:06:48 PST"]
[Termination "ehrenfeld won by resignation"]

1. c4 e5 2. Nc3 Nc6 3. Nf3 Nf6 4.
g3 Bc5 5. Bg2 d6 6. O-O a6 7. a3 O-O 8. b4 Ba7 9. Bb2 Bg4 10. Nd5 Nxd5 11. cxd5 Ne7 12. e4 Qd7 13. Re1 f5 14. d4 fxe4 15. Rxe4 Qf5 16. Re3 Qh5 17. Qd3 e4 18. Qxe4 Nf5 19. Rb3 Rae8 20.
Qd3 Ne7 21. Rf1 Nxd5 22. Nd2 Be2 23. Bxd5+ Qxd5 24. Qc3 Bxf1 25. Nxf1 Re7 26. Ne3 Qf3 27. d5 Bxe3 28. Qxg7+ Rxg7 29. Rxe3 Qxf2+ 0-1

[Event "*** Titled Tuesday Blitz"]
[Site "Chess.com"]
[Date "2021.03.09"]
[Round "1"]
[White "maximnovik"]
[Black "Speed-O-Sonic"]
[Result "0-1"]
[WhiteElo "2551"]
[BlackElo "2292"]
[TimeControl "180+1"]
[EndTime "10:06:49 PST"]
[Termination "Speed-O-Sonic won by resignation"]

1. d4 d5 2. c4 c6 3. Nc3 Nf6 4. Bf4 dxc4 5. e3 Bf5 6. Bxc4 e6 7. Nf3 Nbd7 8. h3 Bb4 9. O-O O-O 10. Qe2 Ne4 11.
Rac1 Ndf6 12. Ne5 Nxc3 13. bxc3 Bd6 14. Bh2 Qc7 15. f4 Be4 16. Bd3 Bxe5 17. fxe5 Bxd3 18.
Qxd3 Nd5 19. e4 Ne7 20. Rf3 Ng6 21. Bg3 Rad8 22. h4 c5 23. h5 Ne7 24. Rcf1 cxd4 25.
cxd4 Nc6 26. Qe3 Nxd4 27. R3f2 h6 28. Rf6 gxf6 29. Qxh6 Ne2+ 30. Kh2 Nxg3 31. exf6 Nf5+ 0-1

[Event "*** Titled Tuesday Blitz"]
[Site "Chess.com"]
[Date "2021.03.09"]
[Round "1"]
[White "lindsay790"]
[Black "Aradhya2000"]
[Result "0-1"]
[WhiteElo "2198"]
[BlackElo "2528"]
[TimeControl "180+1"]
[EndTime "10:06:49 PST"]
[Termination "Aradhya2000 won on time"]

1. e4 e5 2. Nf3 Nc6 3. Bb5 a6 4. Ba4 Nf6 5. d3 Bc5 6. c3 d6 7. O-O O-O 8. Nbd2 b5 9. Bc2 Bb6 10. h3 Ne7 11. Re1 Ng6 12. Nf1 Re8 13. Ng3 h6 14. Nf5 d5 15. Qe2 Be6 16. g4 dxe4 17.
dxe4 Bc4 18. Qd2 Qxd2 19. Bxd2 Rad8 20. Rad1 Bd3 21. Bxd3 Rxd3 22. Kg2 Red8 23. Kg3 h5 24.
g5 h4+ 25. Kg2 Nh5 26. N3xh4 Nxh4+ 27. Nxh4 Rxd2 28. Rxd2 Rxd2 29. Rf1 Nf4+ 30. Kg3 Rd3+ 31. f3 Rd2 32. Nf5 Rg2+ 33. Kh4 Bf2+ 34. Ng3 Bxg3+ 35. Kg4 g6 0-1

[Event "*** Titled Tuesday Blitz"]
[Site "Chess.com"]
[Date "2021.03.09"]
[Round "1"]
[White "OMGCovid-19"]
[Black "sau6on"]
[Result "0-1"]
[WhiteElo "2078"]
[BlackElo "2509"]
[TimeControl "180+1"]
[EndTime "10:06:49 PST"]
[Termination "sau6on won by checkmate"]

1. e4 c5 2. Nf3 d6 3. d4 cxd4 4. Qxd4 Nc6 5. Bb5 Bd7 6. Bxc6 Bxc6 7. Nc3 h6 8. O-O e5 9. Qd3 Nf6 10. Be3 Be7 11. Rad1 O-O 12. Nh4 Nxe4 13. Nxe4 Bxh4 14. Nxd6 Qc7 15. Bc5 Bxg2 16. Kxg2 Qxc5 17. Ne4 Qc6 18.
Rfe1 f5 19. Qb3+ Kh8 20. Rd6 Qc7 21. Red1 fxe4 22. Rd7 Qc6 23. R1d6 Qc5 24. Qe6 Qxf2+ 25. Kh3 Rf3+ 26. Kg4 Qg2+ 27. Kh5 Qg5# 0-1

[Event "*** Titled Tuesday Blitz"]
[Site "Chess.com"]
[Date "2021.03.09"]
[Round "1"]
[White "ChessWarrior7197"]
[Black "MasterKroket"]
[Result "1-0"]
[WhiteElo "2914"]
[BlackElo "2467"]
[TimeControl "180+1"]
[EndTime "10:06:50 PST"]
[Termination "ChessWarrior7197 won by checkmate"]

1. d4 Nf6 2. Bg5 e6 3. e4 h6 4. Bxf6 Qxf6 5. c3 b6 6. Bd3 Bb7 7. Nf3 d6 8. O-O Nd7 9. Nbd2 O-O-O 10. Qe2 Kb8 11. Ba6 Ba8 12. a4 e5 13. a5 g5 14. axb6 cxb6 15. Nc4 g4 16. Nfd2 exd4 17. cxd4 Qxd4 18. Qxg4 Be7 19. Nb3 Ne5 20. Nxd4 Nxg4 21. Bb5 Bf6 22. Nc6+ Bxc6 23. Bxc6 Ne5 24. Nxe5 Bxe5 25.
Rab1 Rc8 26. Rfc1 Rc7 27. b4 a6 28. b5 a5 29. g3 Rf8 30. Rd1 Rd8 31. f4 Bc3 32. e5 Bb4 33. Kf2 Kc8 34. Ke3 dxe5 35. Rxd8+ Kxd8 36. fxe5 Re7 37. Kd4 Kc7 38. Kd5 Bc5 39. Rf1 a4 40. Rf4 a3 41. Ra4 h5 42.
h4 Kb8 43. g4 hxg4 44. h5 Re6 45. Ra8+ Kc7 46. Ra7+ Kb8 47. Rxf7 Rh6 48. Rg7 a2 49. Rb7+ Kc8 50. Ra7 g3 51. Rxa2 Rxh5 52. Ke6 Rh2 53.
Ra8+ Kc7 54. Ra7+ Kb8 55. Rg7 Rh6+ 56. Kd7 Rh4 57. Rg8+ Ka7 58. Ra8# 1-0

[Event "*** Titled Tuesday Blitz"]
[Site "Chess.com"]
[Date "2021.03.09"]
[Round "1"]
[White "Etud-otradnoe"]
[Black "GM_Huschenbeth"]
[Result "0-1"]
[WhiteElo "2319"]
[BlackElo "2626"]
[TimeControl "180+1"]
[EndTime "10:06:53 PST"]
[Termination "GM_Huschenbeth won on time"]

1. e4 c5 2. c3 Nf6 3. e5 Nd5 4. d4 cxd4 5. Nf3 Nc6 6. cxd4 d6 7. Bc4 dxe5 8. Bxd5 Qxd5 9. Nc3 Qd6 10. d5 Nd4 11.
Nxd4 exd4 12. Qxd4 e5 13. Qd3 a6 14. O-O Be7 15. Qg3 O-O 16. Re1 f6 17. Bh6 Rf7 18. Rad1 Bf5 19. f4 e4 20. Nxe4 Qb6+ 21. Kh1 Kh8 22. d6 Bf8 23. Bg5 fxg5 24. Nxg5 Rd7 25. Re5 Bc2 26. Rd2 Rc8 27. Qh3 Bf5 28. g4 Rc1+ 29. Kg2 Qg1+ 30. Kf3 Rf1+ 0-1

[Event "*** Titled Tuesday Blitz"]
[Site "Chess.com"]
[Date "2021.03.09"]
[Round "1"]
[White "MerryPoppies"]
[Black "Natalya_Buksa"]
[Result "0-1"]
[WhiteElo "2187"]
[BlackElo "2524"]
[TimeControl "180+1"]
[EndTime "10:06:55 PST"]
[Termination "Natalya_Buksa won by resignation"]

1. d4 d5 2. Nf3 Nf6 3. Bf4 e6 4.
c3 Bd6 5. e3 c5 6. Bb5+ Bd7 7.
Bxd6 Bxb5 8. Bxc5 Nc6 9. a4 Ba6 10. b4 b6 11. Bf8 Kxf8 12. b5 Bb7 13. bxc6 Ba6 14. Ne5 Qc7 15. Qb3 Ne4 16. f3 Nd6 17. Nd2 f6 18. Ng4 Qxc6 19. Rc1 Rc8 20. Nf2 Kf7 21. e4 Nc4 22. Nxc4 Bxc4 23. Qc2 Rce8 24. Ng4 dxe4 25. fxe4 Bb3 26. Qe2 Qxa4 27. Ne3 Rhf8 28. O-O Qc6 29. e5 f5 30. Qh5+ Kg8 31. Rf3 g6 32. Qh6 Rf7 33. Rg3 f4 34. Rf1 Ref8 35. Rgf3 fxe3 36. Qxf8+ Rxf8 37. Rxf8+ Kg7 38. R8f7+ Kh6 39.
R1f2 exf2+ 40. Kxf2 Qxc3 0-1

[Event "*** Titled Tuesday Blitz"]
[Site "Chess.com"]
[Date "2021.03.09"]
[Round "1"]
[White "GregShahade"]
[Black "MaxLeto"]
[Result "1-0"]
[WhiteElo "2747"]
[BlackElo "2402"]
[TimeControl "180+1"]
[EndTime "10:06:57 PST"]
[Termination "GregShahade won on time"]

1. e4 c5 2. Nf3 d6 3. d4 cxd4 4. Nxd4 Nf6 5. Nc3 a6 6. Be3 Ng4 7. Bc1 Nf6 8. f3 e6 9. Be3 b5 10. Qd2 Nbd7 11. g4 h6 12. O-O-O Bb7 13. h4 b4 14. Na4 Qa5 15. b3 Nc5 16. a3 Nxa4 17.
axb4 Qc7 18. bxa4 d5 19. e5 Nd7 20. f4 Nb6 21. Rh3 Nxa4 22. Bf2 Rc8 23. Be1 Be7 24. f5 exf5 25. gxf5 Qxe5 26. Re3 Qf6 27. Qe2 Rc7 28. Bg3 Nc3 29. Rxc3 Rxc3 30. Be5 Qb6 31. Bxg7 Qxb4 32. Bxh8 Qa3+ 33. Kd2 Kf8 34. Ne6+ fxe6 35. Bxc3 d4 36. Bxd4 Bxh4 37. c3 Bg5+ 38. Kd3 Bd5 39. fxe6 Qa4 40. Qf2+ Ke8 41. Qf7+ 1-0

[Event "*** Titled Tuesday Blitz"]
[Site "Chess.com"]
[Date "2021.03.09"]
[Round "1"]
[White "Warre"]
[Black "Shubinkirill2003"]
[Result "0-1"]
[WhiteElo "2362"]
[BlackElo "2673"]
[TimeControl "180+1"]
[EndTime "10:06:57 PST"]
[Termination "Shubinkirill2003 won by resignation"]

1. d4 e6 2. c4 Nf6 3. Nf3 c5 4. d5 d6 5. Nc3 exd5 6. cxd5 a6 7. a4 g6 8. Bf4 Qe7 9. e3 Bg7 10. h3 O-O 11. Nd2 Nbd7 12. Be2 Nh5 13. Bh2 f5 14. O-O Nhf6 15. Re1 Rb8 16. Bf1 Ne4 17. Ncxe4 fxe4 18. Qc2 Nf6 19. Nc4 Ne8 20. a5 Bd7 21. Rab1 Bb5 22. Nb6 Nc7 23. b4 cxb4 24. Rxb4 Rbe8 25. Rc1 Rf7 26.
Be2 h5 27. Bf1 Ref8 28. Rxe4 Rxf2 29. Qxf2 Qxe4 30. Qd2 Bh6 31. Bf4 Rxf4 32. exf4 Bxf4 33. Rxc7 Bxd2 34. Bxb5 axb5 35. Rxb7 Qe1+ 0-1

[Event "*** Titled Tuesday Blitz"]
[Site "Chess.com"]
[Date "2021.03.09"]
[Round "1"]
[White "GelmanAlexander"]
[Black "MillyNeuf"]
[Result "1-0"]
[WhiteElo "2589"]
[BlackElo "2288"]
[TimeControl "180+1"]
[EndTime "10:06:57 PST"]
[Termination "GelmanAlexander won on time"]

1. d4 Nf6 2. Nc3 d5 3. Bf4 c5 4. e3 a6 5. Nf3 Nc6 6. Ne5 cxd4 7. exd4 Bf5 8. g4 Bg6 9. h4 h5 10. g5 Nxe5 11. dxe5 Ne4 12. Nxd5 e6 13. Ne3 Bb4+ 14.
c3 Nxc3 15. bxc3 Bxc3+ 16. Ke2 Bxa1 17. Qxa1 Qd3+ 18. Ke1 Qb1+ 19. Qxb1 Bxb1 20. Bc4 O-O 21. Ke2 Bh7 22. Bb3 Rad8 23. Nc4 Bd3+ 24. Ke3 Bxc4 25. Bxc4 b5 26. Be2 Rc8 27. Bxh5 Rc3+ 28. Ke4 Rfc8 29. Be3 R8c4+ 30. Kf3 g6 31. Bg4 Rc2 32. h5 gxh5 33. Bxh5 Rxa2 34. g6 fxg6 35. Bxg6 b4 36. Bh7+ Kf8 37.
Bd3 Rc3 38. Bb1 Rb2 39. Bg6 b3 40. Rh7 Rcc2 41. Bh6+ 1-0

[Event "*** Titled Tuesday Blitz"]
[Site "Chess.com"]
[Date "2021.03.09"]
[Round "1"]
[White "Kildepiotr"]
[Black "tusplingher"]
[Result "1/2-1/2"]
[WhiteElo "2569"]
[BlackElo "2287"]
[TimeControl "180+1"]
[EndTime "10:06:58 PST"]
[Termination "Game drawn by repetition"]

1. Nf3 g6 2. g3 Bg7 3. d4 c5 4. Bg2 cxd4 5. Nxd4 Nc6 6. Nb3 Nf6 7. O-O O-O 8. c4 Kh8 9. Nc3 d6 10. Nd5 Be6 11. Bg5 Bxd5 12. cxd5 Ne5 13. Rc1 Rc8 14. Qd4 b6 15. Rxc8 Qxc8 16. Qa4 Qb7 17. Rc1 h6 18. Be3 Nxd5 19. Rd1 e6 20. Bxd5 exd5 21. Qb5 Nc4 22. Bd4 a6 23. Bxg7+ Kxg7 24. Qxd5 Qxd5 25. Rxd5 Rd8 26.
Nd4 Nxb2 27. Nc6 Rc8 28. Nb4 a5 29. Nd3 Nc4 30. f4 Kf6 31. Kf2 Ke6 32. e4 Nd2 33. Ke3 Nf1+ 34. Kd4 Nxh2 35. f5+ gxf5 36. exf5+ Ke7 37.
Rb5 Nf3+ 38. Ke3 Ng5 39. Rxb6 Rc2 40. a4 Ra2 41. Nf4 Rxa4 42. Nd5+ Kd7 43. Nf6+ Kc7 44.
Nd5+ Kd7 45. Nf6+ Kc7 46. Nd5+ Kd7 1/2-1/2

[Event "*** Titled Tuesday Blitz"]
[Site "Chess.com"]
[Date "2021.03.09"]
[Round "1"]
[White "zajka-molotok"]
[Black "annacramling"]
[Result "1-0"]
[WhiteElo "2500"]
[BlackElo "2030"]
[TimeControl "180+1"]
[EndTime "10:06:58 PST"]
[Termination "zajka-molotok won on time"]

1. b4 e6 2. Bb2 Nf6 3. b5 d5 4. e3 Be7 5. Nf3 O-O 6. Be2 c6 7. a4 Bd7 8. O-O c5 9. c4 dxc4 10. Bxc4 Qc7 11. Nc3 a6 12. Qb3 b6 13.
d4 Rc8 14. d5 e5 15. e4 Bd6 16. Rfe1 Bg4 17. Nd2 a5 18. Bd3 Nbd7 19. Nc4 Re8 20.
Qc2 Bh5 21. Nd1 Bg6 22. Nde3 Nf8 23. Nxd6 Qxd6 24. Nc4 Qc7 25. d6 Qd8 26. Bxe5 Rxe5 27. Nxe5 Qxd6 28. Nc4 Qc7 29. e5 Nd5 30. Bxg6 Nxg6 31.
Rad1 Nb4 32. Qe4 Rd8 33. h3 h6 34. Rd6 Rxd6 35. exd6 Qd7 36. Qe8+ Qxe8 37. Rxe8+ Kh7 38. d7 1-0

[Event "*** Titled Tuesday Blitz"]
[Site "Chess.com"]
[Date "2021.03.09"]
[Round "1"]
[White "PopMilan95"]
[Black "LuisFSiles"]
[Result "1-0"]
[WhiteElo "2607"]
[BlackElo "2300"]
[TimeControl "180+1"]
[EndTime "10:06:59 PST"]
[Termination "PopMilan95 won by resignation"]

1. e4 e5 2. d4 exd4 3. Qxd4 Nc6 4. Qe3 Nf6 5. Nc3 Be7 6. Bc4 O-O 7. Bd2 Ne5 8. Bb3 b5 9. Nxb5 Bb7 10. O-O-O Nxe4 11. Be1 Ng4 12. Qe2 a5 13. Qxg4 a4 14. Bc4 a3 15.
b3 Bf6 16. c3 Bc6 17. Nd4 Nd6 18.
Nxc6 dxc6 19. Bd3 Qe7 20. Nf3 g6 21. h4 h5 22. Qf4 c5 23. Bd2 c4 24. Bxc4 Nxc4 25. Qxc4 Rab8 26. Rhe1 Qd6 27. Bg5 Bxg5+ 28. Nxg5 Qf6 29. Ne4 Qf4+ 30. Kb1 Rb6 31. g3 Qg4 32. Qd3 f5 33. Ng5 Rd6 34. Qc4+ Kg7 35. Qxg4 fxg4 36. Rxd6 cxd6 37. Ne6+ Kf7 38. Nxf8 Kxf8 39. b4 1-0

[Event "*** Titled Tuesday Blitz"]
[Site "Chess.com"]
[Date "2021.03.09"]
[Round "1"]
[White "sergiochess83"]
[Black "ExtremeLearner"]
[Result "1-0"]
[WhiteElo "2903"]
[BlackElo "2459"]
[TimeControl "180+1"]
[EndTime "10:07:00 PST"]
[Termination "sergiochess83 won by resignation"]

1. e4 c6 2. d4 d5 3. e5 Bf5 4. Nf3 e6 5. Be2 c5 6. c3 Nc6 7.
O-O Qb6 8. dxc5 Bxc5 9. b4 Be7 10. Be3 Qc7 11. Nd4 Nxd4 12. cxd4 a6 13. Qa4+ Kf8 14. Rc1 Qd8 15. Nd2 g5 16. Rc3 Kg7 17. Rac1 h5 18. Rc7 b5 19. Qa5 Qf8 20. Qb6 Bd8 21. Qb7 Bxc7 22. Rxc7 Rb8 23. Qxa6 Qxb4 24. Qa7 Rf8 25.
Bxg5 Qxd4 26. Qxd4 Nh6 27. Bf6+ Kh7 28. Bxh8 Rxh8 29.
Bxh5 Bg6 30. Bxg6+ Kxg6 31. Nf3 Nf5 32. Qg4+ Kh7 33.
Rxf7+ 1-0

[Event "*** Titled Tuesday Blitz"]
[Site "Chess.com"]
[Date "2021.03.09"]
[Round "1"]
[White "DamianoLew95"]
[Black "AurumO"]
[Result "1-0"]
[WhiteElo "2491"]
[BlackElo "1977"]
[TimeControl "180+1"]
[EndTime "10:07:00 PST"]
[Termination "DamianoLew95 won on time"]

1. e4 c5 2. Nf3 Nc6 3. Bb5 g6 4.
Bxc6 dxc6 5. O-O Bg7 6. Re1 e5 7. d3 Ne7 8. Be3 b6 9. a3 O-O 10. Nbd2 h6 11. b4 cxb4 12. axb4 Be6 13. Nc4 Bxc4 14.
dxc4 Qc7 15. Ra6 Rfd8 16. Qa1 Nc8 17. c5 Rb8 18. Qc3 Ne7 19. Rea1 Rb7 20. h3 Kh7 21. Qc4 Ng8 22. cxb6 axb6 23. b5 c5 24. Ne1 Nf6 25.
Nd3 Nh5 26. g3 Nf6 27. Kg2 Qe7 28. Nc1 Qc7 29. Ne2 Qd7 30. Nc3 Qc7 31. Ra8 Rxa8 32. Rxa8 Qd7 33. Nd5 Nxd5 34. Qxd5 Qxd5 35. exd5 f5 36.
c4 1-0

[Event "*** Titled Tuesday Blitz"]
[Site "Chess.com"]
[Date "2021.03.09"]
[Round "1"]
[White "DrMamaliga"]
[Black "Susal_De_Silva"]
[Result "1-0"]
[WhiteElo "2355"]
[BlackElo "2615"]
[TimeControl "180+1"]
[EndTime "10:07:02 PST"]
[Termination "DrMamaliga won by resignation"]

1. b3 e5 2. Bb2 Nc6 3. e3 Nf6 4.
Nf3 e4 5. Ne5 Nxe5 6. Bxe5 d6 7.
Bb2 Bf5 8. d3 exd3 9. Bxd3 Bg6 10. O-O Be7 11. c4 O-O 12. Nc3 c6 13. Qc2 Qa5 14.
Rad1 Rfd8 15. Bxg6 hxg6 16. Ba1 Rac8 17. Ne4 d5 18.
Nxf6+ Bxf6 19. Bxf6 gxf6 20. Qb2 Kg7 21. b4 Qc7 22. c5 Rh8 23. g3 Rh3 24. f4 Qe7 25. Qd4 Rch8 26. Rf2 Qd7 27. e4 R3h5 28. f5 gxf5 29.
exd5 Rd8 30. d6 Re8 31. Rdf1 Re4 32. Qd1 Kg6 33. Rf4 Rh8 34. Qf3 Rxf4 35. Qxf4 Qe6 36. Qf3 Re8 37. h3 Qe5 38. Qf4 Qd5 39. g4 fxg4 40.
Qxf6+ Kh5 41. Rf5+ 1-0

[Event "*** Titled Tuesday Blitz"]
[Site "Chess.com"]
[Date "2021.03.09"]
[Round "1"]
[White "The_filthy"]
[Black "louis198"]
[Result "1-0"]
[WhiteElo "2333"]
[BlackElo "2602"]
[TimeControl "180+1"]
[EndTime "10:07:02 PST"]
[Termination "The_filthy won by resignation"]

1. e4 e6 2. d4 d5 3. Nc3 dxe4 4.
Nxe4 Bd7 5. Nf3 Bc6 6. Bd3 Nd7 7.
c3 Be7 8. Bf4 Ngf6 9. Ng3 b6 10.
Qe2 O-O 11. O-O-O Qc8 12. Kb1 Bb7 13. h4 c5 14. Ne5 cxd4 15. cxd4 Rd8 16. Rc1 Qb8 17. Nh5 Bd6 18. Nxd7 Nxd7 19. Qg4 g6 20. Bg5 Rc8 21. Nf6+ Nxf6 22. Bxf6 Rxc1+ 23. Rxc1 Bf4 24. Rc2 h5 25. Qh3 Qd6 26. g4 Qd5 27. gxh5 Qxh5 28. Be2 Qa5 29. a3 Be4 30. Bd3 Qe1+ 31. Ka2 Bd5+ 32.
b3 a5 33. a4 Qb4 34. Bc4 Bxc4 35. Rxc4 Qd2+ 36. Kb1 Qe1+ 37. Kb2 Qxf2+ 38. Rc2 Qg3 39. Qh1 Bh6 40. h5 g5 41. Qxa8+ Bf8 42. Be7 Kh7 43. Qxf8 1-0

[Event "*** Titled Tuesday Blitz"]
[Site "Chess.com"]
[Date "2021.03.09"]
[Round "1"]
[White "rasmussvane"]
[Black "IljaJoke"]
[Result "1-0"]
[WhiteElo "2952"]
[BlackElo "2472"]
[TimeControl "180+1"]
[EndTime "10:07:04 PST"]
[Termination "rasmussvane won by resignation"]

1. Nf3 d5 2. g3 c5 3. Bg2 Nc6 4. d4 e6 5. O-O cxd4 6. Nxd4 Bc5 7. Nxc6 bxc6 8. c4 Nf6 9. Qc2 Bb6 10. b3 O-O 11.
Bb2 Re8 12. Nc3 d4 13. Na4 e5 14. Bxc6 Bh3 15. Bg2 Bxg2 16. Kxg2 Qd7 17. Rad1 Qc6+ 18. Kg1 h5 19. h4 Rad8 20. Qf5 g6 21. Qf3 e4 22. Qg2 Ng4 23. c5 Bxc5 24. Rc1 Re5 25. Rxc5 Rxc5 26. Nxc5 Qxc5 27. Qxe4 Nf6 28. Qf4 Nd5 29.
Qxd4 Qxd4 30. Bxd4 Nb4 31. e3 Rc8 32. Bxa7 Nxa2 33.
Bd4 Rc2 34. Ra1 Nb4 35. Ra8+ 1-0

[Event "*** Titled Tuesday Blitz"]
[Site "Chess.com"]
[Date "2021.03.09"]
[Round "1"]
[White "queen_iryna"]
[Black "Aygehovit1992"]
[Result "0-1"]
[WhiteElo "2338"]
[BlackElo "2635"]
[TimeControl "180+1"]
[EndTime "10:07:06 PST"]
[Termination "Aygehovit1992 won by checkmate"]

1. e4 c5 2. Nf3 d6 3. Bb5+ Nd7 4. O-O Nf6 5. Re1 a6 6. Bf1 g6 7. c3 Ne5 8. d4 Nxf3+ 9. Qxf3 Bg7 10. dxc5 dxc5 11.
Be3 Qc7 12. Nd2 O-O 13. a4 Be6 14. Bc4 Rad8 15. Bxe6 fxe6 16. Qh3 Qc6 17. f3 Rd3 18. Nc4 Nh5 19. a5 Kh8 20. Rad1 Rxd1 21. Rxd1 Qb5 22. Qxe6 Qa4 23. Rd7 Qa1+ 24. Kf2 Qh1 25. Qxe7 Qxh2 26. Rxb7 Qg3+ 27. Kf1 Qh2 28. Bh6 Rxf3+ 29. Ke1 Qg1+ 30.
Kd2 Qxg2+ 31. Ke1 Rf1# 0-1

[Event "*** Titled Tuesday Blitz"]
[Site "Chess.com"]
[Date "2021.03.09"]
[Round "1"]
[White "LEGENYA1998"]
[Black "eldur16"]
[Result "0-1"]
[WhiteElo "2263"]
[BlackElo "2567"]
[TimeControl "180+1"]
[EndTime "10:07:06 PST"]
[Termination "eldur16 won by resignation"]

1. e4 Nf6 2. Nc3 e5 3. Nf3 Nc6 4. d4 exd4 5. Nxd4 Bb4 6. Nxc6 bxc6 7. Bd3 d5 8. exd5 O-O 9. O-O cxd5 10. Bg5 c6 11.
Qf3 Bd6 12. h3 Rb8 13. Rab1 Be6 14. Ne2 Be5 15. c3 h6 16. Be3 Qd6 17. Nd4 c5 18. Nxe6 fxe6 19. b4 cxb4 20. cxb4 Rxb4 21. Rxb4 Qxb4 22.
Bxa7 Ra8 23. Qe2 Qd6 24. Be3 Bc3 25. Rd1 e5 26. Bf5 d4 27. Bc1 Kh8 28. Bd3 Qd5 29. Bc4 Qc5 30. Bb3 e4 31. Kh1 d3 32. Qe3 Bd4 33.
Qf4 Bxf2 34. Bb2 Bd4 35. Bc1 e3 36. Be6 e2 37. Re1 Bc3 38. Bd2 Bxd2 39. Qxd2 Ne4 40. Qf4 Nf2+ 41. Kh2 Rf8 42. Qg3 d2 43. Rxe2 d1=Q 0-1

[Event "*** Titled Tuesday Blitz"]
[Site "Chess.com"]
[Date "2021.03.09"]
[Round "1"]
[White "fabianvivasz"]
[Black "MoonlighT89"]
[Result "0-1"]
[WhiteElo "2300"]
[BlackElo "2610"]
[TimeControl "180+1"]
[EndTime "10:07:07 PST"]
[Termination "MoonlighT89 won on time"]

1. e4 c5 2. Nf3 e6 3. d4 cxd4 4. Nxd4 Nc6 5. Nc3 Qc7 6. Be3 a6 7. Qf3 d6 8. O-O-O Bd7 9. Qg3 Nf6 10. f4 b5 11. a3 b4 12. axb4 Nxb4 13. Bd3 Rb8 14. Nb3 g6 15. Kb1 Bg7 16. e5 dxe5 17.
fxe5 Nfd5 18. Nxd5 Nxd5 19. Bd4 a5 20. Nc5 Bc6 21.
Na6 Qb7 22. Nxb8 Qxb8 23. Rhe1 O-O 24. h4 a4 25. Bc4 Rc8 26. Qa3 Bf8 27. Qa2 Nb4 28.
Qa1 Bxg2 29. Bc3 Rxc4 30. Qxa4 Bc6 0-1